 Dungeon Crawl Stone Soup version 0.29-a0-845-g6161e89988 (webtiles) character file.

Game seed: 11711032924024375479

45 buhh the Vexing (level 3, 0/14 HPs)
             Began as a Felid Enchanter on July 16, 2022.
             Slain by an orc
             ... wielding a +0 trident
              (1 damage)
             ... on level 3 of the Dungeon.
             The game lasted 00:07:09 (3335 turns).

buhh the Vexing (Felid Enchanter)                   Turns: 3335, Time: 00:07:09

Health: 0/14       AC:  1    Str:  4    XL:     3   Next: 42%
Magic:  3/7        EV: 18    Int: 18    God:
Gold:   130        SH:  0    Dex: 16    Spells: 1/6 levels left
                                        Lives:  0   Deaths: 1

rFire   . . .      SeeInvis +     - Unarmed
rCold   . . .      Faith    .   (shield unavailable)
rNeg    . . .      Spirit   .   (body armour unavailable)
rPois   .          Reflect  .   (helmet unavailable)
rElec   .          Harm     .   (cloak unavailable)
rCorr   .          Rampage  .   (gloves unavailable)
Will    .....                   (boots unavailable)
Stlth   +++.......              (no amulet)
HPRegen 0.04/turn               (no ring)
MPRegen 0.10/turn               (no ring)

@: quick
A: very small, claws 1, fangs 3, see invisible, speed 1, shaggy fur 1, stealthy
paws, no weapons or thrown items, no armour, multi-lived
a: no special abilities


You were on level 3 of the Dungeon.
You visited 1 branch of the dungeon, and saw 3 of its levels.

You collected 130 gold pieces.

Inventory:

Missiles
 e - 4 poisoned darts
Scrolls
 a - a scroll of blinking {unknown}
 c - a scroll of summoning {unknown}
 d - a scroll of fog {unknown}
 f - a scroll of torment {unknown}
 g - a scroll of magic mapping {unknown}
 h - a scroll of enchant weapon {unknown}
 k - a scroll of amnesia {unknown}
Potions
 b - a potion of might {unknown}
 i - a potion of attraction {unknown}
 j - a potion of haste {unknown}
 l - a potion of resistance {unknown}


   Skills:
 - Level 3.7 Dodging
 + Level 5.1 Stealth
 - Level 2.2 Unarmed Combat
 * Level 2.0 Spellcasting
 * Level 5.3 Hexes


You had one spell level left.
You knew the following spells:

 Your Spells              Type           Power      Damage    Failure   Level
a - Ensorcelled Hibernat  Hex/Ice        22%        N/A       9%          2
b - Confusing Touch       Hex            21%        N/A       6%          3

Your spell library contained the following spells:

 Spells                   Type           Power      Damage    Failure   Level
 Tukima's Dance           Hex            21%        N/A       6%          3
 Dazzling Flash           Conj/Hex       22%        N/A       19%         3


Dungeon Overview and Level Annotations

Branches:
Dungeon (3/15) Zot: 20980

Altars:
Gozag

Annotations:
D:2 1 runed translucent door, Crazy Yiuf
D:3 Natasha


Innate Abilities, Weirdness & Mutations

You have sharp claws.
You have razor-sharp teeth.
You have supernaturally acute eyesight. (SInv)
You cover ground quickly. (Speed+)
You are covered in fur. (AC +1)
Your paws help you pounce on unaware monsters.
You are incapable of wielding weapons or throwing items.
You cannot wear armour.
You gain extra lives every three experience levels.


Message History

The helpless ball python fails to defend itself.
You mangle the ball python!!
You kill the ball python!
No target in view!
Magic restored.
A kobold is nearby!
The kobold shouts!
The kobold resists with significant effort.
The kobold throws a stone.
The stone completely misses you.
The orc shouts!
The orc resists with significant effort.
The kobold throws a stone.
The stone closely misses you.
The orc looks drowsy...
The kobold throws a stone.
The stone hits you.
You don't have enough magic to cast this spell.
You open the door.
The kobold throws a stone.
The stone closely misses you.
There is an open door here.
A goblin and a kobold come into view.
The helpless goblin fails to defend itself.
You claw the goblin!
You kill the goblin!
The kobold shouts!
An orc comes into view. It is wielding a +0 trident.
You miss the kobold. The kobold closely misses you.
You barely miss the kobold. The kobold barely misses you.
You scratch the kobold but do no damage.
Your bite misses the kobold. The kobold hits you with a +0 dagger.
You barely miss the kobold. Your claw misses the kobold.
Your bite misses the kobold. The kobold completely misses you.
The orc hits you from afar with a +0 trident.
* * * LOW HITPOINT WARNING * * *
You barely miss the kobold. The kobold misses you.
The orc hits you but does no damage.
You closely miss the kobold. The kobold hits you with a +0 dagger.
* * * LOW HITPOINT WARNING * * *
The orc misses you.
You barely miss the kobold. The kobold hits you with a +0 dagger.
* * * LOW HITPOINT WARNING * * *
The kobold closely misses you.
The orc hits you from afar with a +0 trident.
You die...

.# #...#.# #..## ####
.# ......# #..# .#
#...#.# #..### # ##
############....######
##.'..#...#............
##..##...#
##.###.####..
##....#).##$##.# #.#
##. ##.....##K...##.#
#.# ## #
##......(#@.####.# #.#
# # ##........##K# #.#
#.# ### .
##.K....#...#.o. #<#
#.# #.. .#
##......##...##.###.#
#.# ##.#
..##......####...#.?
#.# #.# #...
..#......## #...##.##.#
#.###..# .....o..##
##...#.##.# #......#
.......## #...####.#
######.# #.....##
##...##..########.#


You could see an orc and 2 kobolds.

Vanquished Creatures
  Natasha (D:3)
  An adder (D:2)
  2 worms (D:2)
  5 endoplasms
  5 goblins
  5 hobgoblins
  7 jackals
  4 kobolds
  3 quokkas (D:1)
  3 ball pythons
  5 bats
  2 frilled lizards
  6 rats
  A spectral kobold (D:2)
50 creatures vanquished.

Vanquished Creatures (others)
  2 fungi (D:2)
2 creatures vanquished.

Grand Total: 52 creatures vanquished

Notes
Turn   | Place    | Note
-------+----------+-------------------------------------------
     0 | D:1      | buhh the Felid Enchanter began the quest for the Orb.
     0 | D:1      | Reached XP level 1. HP: 7/7 MP: 4/4
   274 | D:1      | Reached XP level 2. HP: 8/11 MP: 6/6
   298 | D:2      | Learned a level 2 spell: Ensorcelled Hibernation
   912 | D:2      | Reached XP level 3. HP: 7/14 MP: 4/7
  1459 | D:2      | Found a faded altar of an unknown god.
  1485 | D:2      | Reached skill level 5 in Hexes
  1796 | D:2      | Learned a level 3 spell: Confusing Touch
  2228 | D:2      | Found a runed translucent door.
  2229 | D:2      | Noticed Crazy Yiuf
  2654 | D:3      | Noticed Natasha
  2660 | D:3      | Killed Natasha
  2661 | D:3      | Reached skill level 5 in Stealth
  2661 | D:3      | Reached XP level 4. HP: 6/18 MP: 3/8
  2890 | D:3      | Found an opulent altar of Gozag.
  3003 | D:3      | Noticed Natasha
  3061 | D:3      | Killed from afar by Natasha
  3062 | D:3      | Reached XP level 3. HP: -7/14 MP: 0/7
  3335 | D:3      | Slain by an orc

Illustrated notes

Levels and vault maps discovered:
D:1:      eino_arrival_cavern_d, layout_loops_cross, wad_floor_pattern_1,
          chequers_serial_rivers_small_a
D:2:      layout_loops_cross, dreamdust_ecumenical_altar_drowned_temple,
          nicolae_wormholes, uniq_crazy_yiuf_cottage
D:3:      minmay_razor_zed, layout_loops_ring, grunt_gozag_breadcrumbs,
          uniq_natasha

Skill      XL: |  1  2  3 |
---------------+----------+-----
Dodging        | 3 |  3.7
Hexes          | 5 |  5.3
Unarmed Combat | 2 |  2.2
Stealth        | 5 |  5.1
Spellcasting   | |  2.0

Action                   |  1- 3 |  4- 6 || total
-------------------------+-------+-------++-------
Melee: Unarmed           |   113 |     2 ||   115
       Bite              |     9 |       ||     9
       Punch             |     1 |       ||     1
 Cast: Ensorcelled Hiber |    45 |     5 ||    50
       Confusing Touch   |     2 |       ||     2
  Use: Potion            |     1 |     1 ||     2
 Stab: Sleeping          |    35 |     1 ||    36
       Confused          |     1 |       ||     1
Armor: Skin              |    12 |       ||    12
Dodge: Dodged            |    96 |     6 ||   102

Table legend: (Time is in decaauts)
 A = Elapsed time spent in this place.
 B = Non-inter-level travel time spent in this place.
 C = Inter-level travel time spent in this place.
 D = Time resting spent in this place.
 E = Time spent auto-exploring this place.
 F = Levels seen in this place.
 G = Mean time per level.
                   A        B        C        D        E       F      G
               +--------+--------+--------+--------+--------+-----+--------+
         Total |   3019 |   2994 |     25 |    237 |   1838 |   3 | 1006.3 |
       Dungeon |   3019 |   2994 |     25 |    237 |   1838 |   3 | 1006.3 |
               +--------+--------+--------+--------+--------+-----+--------+

Top non-repeatable levels by time:
     D:2: 1505 daAuts
     D:3: 932 daAuts
     D:1: 581 daAuts
